Map: Abyssal Reef LE

Players

SamZN

  • Race: Terran Terran
  • League: Silver
  • Spawn Location: 5:00

A.I. 1 (Very Easy) - Winner!

  • Race: Zerg Zerg
  • Spawn Location: 11:00

VOD

Have the link to the VOD?

Description

Time

  • Played on: Jan. 13, 2018, 9:24 a.m.
  • Length: 7:27
Show
View Real Time Build Order
Export as new Build Order

SamZN Terran 

Build Orders: Reaper Expand, MMM Bio 

Get SALT Encoding   

  12  0:01  SCV  
  13  0:13  SCV  
  14  0:17  Supply Depot  
  14  0:25  SCV  
  15  0:38  SCV  
  15  0:39  Barracks  
  16  0:45  Refinery  
  16  0:51  SCV  
  17  1:03  SCV  
  18  1:15  SCV  
  19  1:27  Orbital Command  
  19  1:29  Reaper  
  20  1:43  Command Center  
  20  1:54  SCV  
  20  2:01  Supply Depot  
  21  2:03  Barracks Reactor  
  21  2:10  SCV  
  22  2:21  Barracks  
  22  2:24  SCV  
  22  2:27  Bunker  
  23  2:36  SCV  
  23  2:39  Marine x2  
  25  2:48  SCV  
  26  2:52  Engineering Bay  
  26  2:55  SCV  
  26  2:57  Marine x2  
  29  3:00  Refinery  
  29  3:07  Orbital Command  
  29  3:09  Barracks Tech Lab  
  29  3:18  Terran Infantry Weapons Level 1  
  29  3:24  Marine x2  
  29  3:26  SCV  
  32  3:29  Stimpack, Marine  
  33  3:36  SCV  
  33  3:38  SCV  
  35  3:48  Marine x2, Supply Depot  
  35  3:49  Marine  
  35  3:50  SCV  
  35  3:51  SCV  
  40  3:58  Factory  
  40  4:02  SCV  
  41  4:03  SCV  
  41  4:06  Marine x2  
  41  4:07  Marine  
  45  4:13  Supply Depot x2  
  45  4:17  SCV x2  
  47  4:24  Marine x2  
  47  4:25  Marine  
  47  4:31  SCV x2, Refinery  
  52  4:42  Marine x2  
  52  4:43  Factory Reactor, Marine  
  52  4:44  Starport  
  55  4:48  SCV x2  
  57  5:00  Marine x3  
  57  5:02  SCV x2  
  62  5:14  SCV x2  
  63  5:17  Terran Infantry Armor Level 1  
  63  5:20  Barracks  
  64  5:23  Barracks  
  64  5:31  Supply Depot, Barracks  
  64  5:32  Supply Depot  
  64  5:33  SCV x2, Marine  
  64  5:34  Marine x2  
  69  5:45  SCV  
  69  5:47  SCV, Medivac x2  
  75  5:51  Marine x2  
  75  5:52  Marine  
  78  5:58  SCV  
  78  5:59  SCV, Combat Shields  
  80  6:09  Refinery  
  80  6:11  Barracks Reactor x2  
  80  6:13  Marine x3  
  80  6:17  Medivac x2  
  87  6:21  Barracks Tech Lab  
  87  6:22  SCV x2  
  89  6:34  SCV x2  
  91  6:46  Marauder, Marine  
  94  6:51  Supply Depot  
  94  6:53  Supply Depot  
  94  6:58  Marine x5  
  94  6:59  Marauder  
  101  7:04  Marine  
  102  7:13  SCV x2  
  110  7:19  Supply Depot  
  110  7:21  Supply Depot  
Show
View Real Time Build Order
Export as new Build Order

A.I. 1 (Very Easy) Zerg - Winner!

Build Orders: Pool First 

Get SALT Encoding   

  12  0:01  Drone  
  13  0:12  Overlord  
  13  0:16  Drone  
  14  0:36  Spawning Pool  
  14  0:37  Extractor  
  14  0:40  Drone  
  13  0:47  Drone  
  14  0:53  Overlord  
  14  1:24  Zergling x2  
  14  1:25  Queen  
  17  1:33  Roach Warren  
  17  1:36  Drone  
  17  1:39  Extractor  
  16  1:44  Zergling x2, Drone  
  18  1:58  Drone  
  19  2:04  Zergling x2  
  20  2:08  Drone  
  21  2:19  Drone  
  22  2:30  Drone  
  22  2:32  Overlord  
  23  2:37  Drone  
  24  2:44  Drone  
  25  5:57  Drone  
  25  5:58  Lair  
  26  6:04  Drone  
  27  6:11  Drone  
  28  6:18  Drone  
  28  6:20  Overlord  
  29  6:26  Zergling x2, Drone  
  28  6:50  Zergling x2  
  29  6:55  Overseer x2  
  29  7:00  Spire  
  29  7:01  Drone  
  30  7:19  Hatchery  
Tags
 
Composition
MMM Bio
League
Silver
Matchup
TvZ
Spawn Locations
Cross Positions
Add a new tag
Caveats
  • Supply blocks, unpowered buildings, or Contaminate may cause inaccurate times.
  • Supply counts are checked every 10 seconds.